 Dungeon Crawl Stone Soup version 0.31-a0-152-g6aa68a64a1 (webtiles) character file.

Game seed: 12831177883274752723

642 qw the Chopper (level 7, 0/44 HPs)
             Began as a Gargoyle Fighter on June 10, 2023.
             Slain by a gnoll
             ... wielding a +0 spear
             ... led by a gnoll bouda
              (7 damage)
             ... on level 4 of the Dungeon.
             The game lasted 00:02:09 (3211 turns).

qw the Chopper (Gargoyle Fighter)                   Turns: 3211, Time: 00:02:10

Health: 0/44       AC: 19    Str: 21    XL:     7   Next: 51%
Magic:  7/7        EV:  8    Int:  9    God:
Gold:   190        SH:  4    Dex:  9    Spells: 6/6 levels left

rFire   . . .        Y - +1 war axe
rCold   . . .        c - +0 buckler
rNeg    + . .        e - +0 chain mail
rPois   inf          a - +2 helmet
rElec   +            h - +0 cloak
rCorr   .            (no gloves)
SInv    .            b - +0 pair of boots
Will    .....        (no amulet) Stlth
                     (no ring)
HPRegen 0.27/turn    (no ring)
MPRegen 0.10/turn

%: clarity
@: no status effects
A: sickness immunity, AC +4, negative energy resistance 1, electricity
resistance, torment resistance 1, petrification resistance, clarity
a: no special abilities


You were on level 4 of the Dungeon.
You visited 2 branches of the dungeon, and saw 5 of its levels.

You collected 190 gold pieces.


Innate Abilities, Weirdness & Mutations

You are immune to sickness and miasma.
Your stone body is resilient. (AC +4)
You are immune to poison.
You resist negative energy. (rN+)
You are resistant to electric shocks. (rElec)
You are resistant to unholy torment.
You are immune to petrification.
You possess an exceptional clarity of mind.


   Skills:
 - Level 4.5 Fighting
 + Level 6.5 Axes
 - Level 3.2 Armour
 - Level 1.7 Dodging
 - Level 3.2 Shields


You had 6 spell levels left.
You didn't know any spells.
Your spell library was empty.

Inventory:

Hand Weapons
 g - a +0 mace
 Y - a +1 war axe (weapon)
Missiles
 i - a boomerang
Armour
 a - a +2 helmet (worn)
 b - a +0 pair of boots (worn)
 c - a +0 buckler (worn)
 e - a +0 chain mail (worn)
 h - a +0 cloak (worn)
Scrolls
 j - a scroll of identify
 m - a scroll of immolation {unknown}
Potions
 d - 3 potions of might
 f - 2 potions of curing
 k - a potion of magic
 l - 2 potions of mutation
 o - a potion of attraction
 p - 3 potions of resistance

Dungeon Overview and Level Annotations

Branches:
Dungeon (4/15)             Temple (1/1) D:4

Altars:
Cheibriados
Dithmenos
Fedhas
Gozag
Okawaru
Ru
Sif Muna
Vehumet
Zin

Shops:
D:4 :


Message History

You block the hound's attack. The gnoll hits you but does no damage.
The hound barely misses you.
You barely miss the hound.
The hound is moderately wounded.
You block the gnoll's attack. The hound barely misses you. x2
You block the gnoll's attack.
You hit the hound.
The hound is heavily wounded.
You block the hound's attack. The gnoll hits you but does no damage.
The hound bites you.
You slash the hound!
You kill the hound!
The gnoll closely misses you.
You hit the gnoll but do no damage. The gnoll barely misses you.
You block the gnoll's attack. The gnoll hits you but does no damage.
You hit the gnoll.
The gnoll is lightly wounded.
The gnoll hits you but does no damage. The gnoll barely misses you.
You hit the gnoll.
The gnoll is moderately wounded.
The gnoll hits you from afar with a +0 spear.
The gnoll completely misses you.
You slash the gnoll!
You kill the gnoll!
You hit the iguana but do no damage. The gnoll hits you but does no damage.
The iguana bites you but does no damage.
You closely miss the iguana.
The gnoll hits you from afar with a +0 spear.
The iguana bites you.
You hit the iguana.
The iguana is moderately wounded.
You block the gnoll's attack. You block the iguana's attack.
You closely miss the iguana.
The iguana is moderately wounded.
The gnoll hits you from afar with a +0 spear!
The iguana closely misses you.
The gnoll hits you from afar with a +0 spear!
You die...

#...# # # ####...# # .....+...# #
..>#.#...# # .#.#.#...### #
...........######################
.......#.#......................'
.........########################
.......#.#......@lggo... #
.#.#.....#..##..)#BK..## ##
...<..#.##.# #...# ...# #.
....#.#..#.###..## ..# #.
......#..#......# ... #.
.........#.....## #. ##
.#.#######...### #
.......###.#### #
#..##....#....####


You could see an iguana, 2 gnolls, an orc, a giant cockroach and a kobold.

Vanquished Creatures
  A black bear (D:4)
  A phantom (D:3)
  A scorpion (D:4)
  A gnoll bouda (D:4)
  3 hounds
  An orc priest (D:3)
  An iguana (D:3)
  An orc wizard (D:3)
  Robin (D:2)
  3 gnolls (D:4)
  8 adders
  A worm (D:4)
  2 dart slugs
  6 orcs (D:3)
  10 bats
  An endoplasm (D:1)
  3 giant cockroaches
  10 goblins
  12 hobgoblins
  4 jackals (D:2)
  3 quokkas
  8 ball pythons
  6 frilled lizards
  5 kobolds (D:1)
  7 rats
100 creatures vanquished.

Notes
Turn   | Place    | Note
-------+----------+-------------------------------------------
     0 | D:1      | qw the Gargoyle Fighter began the quest for the Orb.
     0 | D:1      | Reached XP level 1. HP: 14/14 MP: 1/1
     0 | D:1      | 0 ||| qw: Version: 0.2-a-29-g0080da8
     0 | D:1      | 0 ||| qw: Game counter: 3832
     0 | D:1      | 0 ||| qw: Always use a shield: true
     0 | D:1      | 0 ||| qw: God list: Okawaru
     0 | D:1      | 0 ||| qw: Allow faded altars: false
     0 | D:1      | 0 ||| qw: Do Orc after D:15 true
     0 | D:1      | 0 ||| qw: Do second Lair branch before Depths: true
     0 | D:1      | 0 ||| qw: Lair rune preference: random
     0 | D:1      | 0 ||| qw: Plans: Normal, Zot:1-4, Slime:5, God:TSO, Crypt,
                  | Tomb, Abyss, Pan, Hells, Win
     0 | D:1      | 0 ||| PLANNING D:1-11
    20 | D:1      | Reached skill level 2 in Axes
    83 | D:1      | Reached XP level 2. HP: 13/19 MP: 2/2
   110 | D:1      | 110 ||| DROPPING +0 club.
   361 | D:1      | Reached skill level 3 in Axes
   501 | D:1      | Reached XP level 3. HP: 20/23 MP: 3/3
   775 | D:1      | 775 ||| UPGRADING to +0 chain mail.
   785 | D:1      | 785 ||| DROPPING +0 scale mail.
   786 | D:1      | 786 ||| READING scroll labelled GOKA XIPOD.
   787 | D:1      | 787 ||| READING scroll labelled ZESOEXZIAM.
   788 | D:1      | 788 ||| READING 2 scrolls labelled MOEXTUADIO.
   789 | D:1      | 789 ||| READING scroll labelled FUOCES LYTYH.
   790 | D:1      | 790 ||| READING scroll labelled ZIUMNI RE OWN.
   791 | D:1      | 791 ||| READING scroll labelled GUDUSAMAGIM.
   792 | D:1      | 792 ||| DRINKING 2 white potions.
   793 | D:1      | 793 ||| DRINKING 2 smoky golden potions.
   793 | D:1      | Gained mutation: You possess an exceptional clarity of
                  | mind. [potion of mutation]
   794 | D:1      | 794 ||| DRINKING 2 inky potions.
   852 | D:2      | Noticed Robin
   855 | D:2      | 855 ||| Stepping ~*~*~tactically~*~*~ (hiding).
   863 | D:2      | Killed Robin
   900 | D:2      | 900 ||| Stepping ~*~*~tactically~*~*~ (stealth).
   918 | D:2      | 918 ||| Stepping ~*~*~tactically~*~*~ (stealth).
  1015 | D:2      | Reached XP level 4. HP: 28/28 MP: 4/4
  1016 | D:2      | 1016 ||| Stepping ~*~*~tactically~*~*~ (stealth).
  1073 | D:2      | Reached skill level 4 in Axes
  1854 | D:2      | 1854 ||| UPGRADING to +2 helmet.
  1859 | D:2      | 1859 ||| UPGRADING to +0 pair of boots.
  1864 | D:2      | 1864 ||| UPGRADING to +0 cloak.
  1869 | D:2      | 1869 ||| READING scroll labelled JOG OT NUWAA.
  1870 | D:2      | 1870 ||| READING scroll labelled YCUSCHI POEDWA.
  1871 | D:2      | 1871 ||| READING 2 scrolls of identify.
  1871 | D:2      | 1871 ||| IDENTIFYING metallic purple potion
  1872 | D:2      | 1872 ||| DROPPING potion of degeneration.
  2006 | D:3      | Reached XP level 5. HP: 32/32 MP: 5/5
  2016 | D:3      | Found an iron altar of Okawaru.
  2027 | D:3      | 2027 ||| Stepping ~*~*~tactically~*~*~ (stealth).
  2045 | D:3      | 2045 ||| Stepping ~*~*~tactically~*~*~ (stealth).
  2048 | D:3      | 2048 ||| Stepping ~*~*~tactically~*~*~ (hiding).
  2149 | D:3      | Reached skill level 5 in Axes
  2202 | D:3      | Noticed a phantom
  2217 | D:3      | Killed a phantom
  2218 | D:3      | Reached XP level 6. HP: 38/39 MP: 6/6
  2238 | D:3      | 2238 ||| DROPPING +0 whip.
  2617 | D:3      | 2617 ||| READING scroll labelled QINGYEGUXI.
  2620 | D:3      | 2620 ||| READING 3 scrolls of identify.
  2620 | D:3      | 2620 ||| IDENTIFYING puce potion
  2653 | D:4      | Found a staircase to the Ecumenical Temple.
  2654 | D:4      | 2654 ||| PLANNING TEMPLE
  2673 | Temple   | Entered the Ecumenical Temple
  2699 | Temple   | 2699 ||| PLANNING D:1-11
  2720 | D:4      | 2720 ||| Stepping ~*~*~tactically~*~*~ (stealth).
  2742 | D:4      | 2742 ||| STAIRDANCE
  2744 | D:3      | 2744 ||| READING 2 scrolls of identify.
  2744 | D:3      | 2744 ||| IDENTIFYING glowing amethyst potion
  2770 | D:4      | Found Tocusuv's Tiny Tomes.
  2833 | D:4      | 2833 ||| FLEEEEING.
  2834 | D:4      | 2834 ||| FLEEEEING.
  2839 | D:4      | 2839 ||| FLEEEEING.
  2840 | D:4      | 2840 ||| FLEEEEING.
  2841 | D:4      | 2841 ||| FLEEEEING.
  2842 | D:4      | 2842 ||| FLEEEEING.
  2843 | D:4      | 2843 ||| FLEEEEING.
  2844 | D:4      | 2844 ||| FLEEEEING.
  2845 | D:4      | 2845 ||| FLEEEEING.
  2846 | D:4      | 2846 ||| FLEEEEING.
  2847 | D:4      | 2847 ||| FLEEEEING.
  2848 | D:4      | 2848 ||| FLEEEEING.
  2849 | D:4      | 2849 ||| FLEEEEING.
  2850 | D:4      | 2850 ||| FLEEEEING.
  2851 | D:4      | 2851 ||| FLEEEEING.
  2852 | D:4      | 2852 ||| FLEEEEING.
  2853 | D:4      | 2853 ||| FLEEEEING.
  2854 | D:4      | 2854 ||| FLEEEEING.
  2855 | D:4      | 2855 ||| FLEEEEING.
  2856 | D:4      | 2856 ||| FLEEEEING.
  2857 | D:4      | 2857 ||| FLEEEEING.
  2863 | D:4      | 2863 ||| FLEEEEING.
  2865 | D:4      | 2865 ||| FLEEEEING.
  2866 | D:4      | 2866 ||| FLEEEEING.
  2867 | D:4      | 2867 ||| FLEEEEING.
  2868 | D:4      | 2868 ||| FLEEEEING.
  2869 | D:4      | 2869 ||| FLEEEEING.
  2870 | D:4      | 2870 ||| FLEEEEING.
  2873 | D:4      | 2873 ||| STAIRDANCE
  2877 | D:4      | 2877 ||| STAIRDANCE
  2881 | D:4      | 2881 ||| STAIRDANCE
  2885 | D:4      | 2885 ||| STAIRDANCE
  2899 | D:4      | 2899 ||| STAIRDANCE
  2903 | D:4      | 2903 ||| STAIRDANCE
  2907 | D:4      | 2907 ||| STAIRDANCE
  2911 | D:4      | 2911 ||| STAIRDANCE
  2915 | D:4      | 2915 ||| STAIRDANCE
  2919 | D:4      | 2919 ||| STAIRDANCE
  2923 | D:4      | 2923 ||| STAIRDANCE
  2927 | D:4      | 2927 ||| STAIRDANCE
  2931 | D:4      | 2931 ||| STAIRDANCE
  2935 | D:4      | 2935 ||| STAIRDANCE
  2939 | D:4      | 2939 ||| STAIRDANCE
  2943 | D:4      | 2943 ||| STAIRDANCE
  2947 | D:4      | 2947 ||| STAIRDANCE
  2951 | D:4      | 2951 ||| STAIRDANCE
  2955 | D:4      | 2955 ||| STAIRDANCE
  3097 | D:4      | Noticed a black bear
  3112 | D:4      | Reached skill level 6 in Axes
  3115 | D:4      | Killed a black bear
  3116 | D:4      | Reached skill level 1 in Dodging
  3116 | D:4      | Reached XP level 7. HP: 32/44 MP: 7/7
  3211 | D:4      | HP: 7/44 [gnoll/+0 spear[a gnoll bouda] (8)]
  3211 | D:4      | Slain by a gnoll

Levels and vault maps discovered:
D:1:      lemuel_arrival_behind_the_door_small, layout_basic
D:2:      wad_crossroads, layout_basic, kennysheep_doodads,
          hangedman_decor_riveting, skrybe_limestone_x, uniq_robin
D:3:      layout_basic, nicolae_overflow_hidden_temple,
          minmay_misc_feat_nine_boxes, minmay_pentomino_pile
D:4:      minmay_recursive_quarters, layout_basic, minmay_temple_entry_mist,
          nicolae_shop_i_like_small_books_too, serial_bayou_crossing
Temple:   nicolae_temple_ecumenical_triangle

Skill      XL: |  1  2  3  4  5  6 |
---------------+-------------------+-----
Axes           | 2 3 4 5 6 |  6.5
Fighting       | 4 |  4.5
Dodging        | 1 |  1.7
Armour         | |  3.2
Shields        | |  3.2

Action                     |  1- 3 |  4- 6 |  7- 9 || total
---------------------------+-------+-------+-------++-------
  Melee: War axe           |   120 |   187 |    36 ||   343
    Use: Scroll            |     6 |     6 |       ||    12
         Potion            |     3 |       |       ||     3
 Armour: Scale mail        |    46 |       |       ||    46
         Chain mail        |    24 |   139 |    30 ||   193
  Dodge: Dodged            |    52 |    63 |    30 ||   145
  Block: Buckler           |    26 |    49 |    15 ||    90

Table legend:
 A = Non-vault XP
 B = Vault XP
 C = Vault XP percentage of total XP
 D = Non-vault monster count
 E = Vault monster count
 F = Vault count percentage of total count
                 A         B        C        D         E       F
            +---------+---------+-------+---------+---------+-------
      Total |     541 |     377 |  41.1 |      75 |      25 |  25.0
            +---------+---------+-------+---------+---------+-------
        D:1 |      40 |       0 |   0.0 |      25 |       0 |   0.0
        D:2 |      35 |      59 |  62.8 |      15 |      12 |  44.4
        D:3 |     342 |      11 |   3.1 |      26 |       6 |  18.8
        D:4 |     124 |     307 |  71.2 |       9 |       7 |  43.8
            +---------+---------+-------+---------+---------+-------
